 Dungeon Crawl Stone Soup version 0.27.0-1-g7a089689b8 (webtiles) character file.

Game seed: 10738922283825225764

17819 gimp the Spear-Bearer (level 12, -2/87 HPs)
             Began as a Merfolk Necromancer on Aug 8, 2021.
             Was a High Priest of the Shining One.
             Killed from afar by an ice statue (10 damage)
             ... with a bolt of cold
             ... in a Gauntlet.
             The game lasted 00:52:11 (24504 turns).

gimp the Spear-Bearer (Merfolk Necromancer)        Turns: 24504, Time: 00:52:12

Health: -2/87      AC: 21    Str: 12    XL:     12   Next: 52%
Magic:  15/15      EV:  3    Int: 15    God:    the Shining One [*****.]
Gold:   924        SH: 12    Dex: 15    Spells: 14/15 levels left

rFire    . . .     SeeInvis .   b - +2 broad axe (flame)
rCold    . . .     Faith    .   j - +0 kite shield
rNeg     + + +     Spirit   .   p - +0 plate armour
rPois    .         Reflect  .   k - +2 hat
rElec    .         Harm     .   (no cloak)
rCorr    .         Rampage  ∞   J - +1 pair of gloves
Will     .....     NoTele   +   r - +3 pair of seven-league boots {Rampage+∞}
Stlth    ..........             (no amulet)
HPRegen  0.24/turn              d - ring of positive energy
MPRegen  0.14/turn              (no ring)

@: frozen, hasted, glowing, quick
A: (nimble swimmer 2), mertail
a: Renounce Religion, Divine Shield, Cleansing Flame, Summon Divine Warrior


You were in a Gauntlet.
You worshipped the Shining One.
The Shining One was extremely pleased with you.
You visited 3 branches of the dungeon, and saw 14 of its levels.
You also visited: Gauntlet.

You collected 924 gold pieces.

Inventory:

Hand Weapons
 a - a +1 trident of freezing
 b - a +2 broad axe of flaming (weapon)
Missiles
 c - 8 javelins
 l - 5 curare-tipped darts
 o - 53 poisoned darts (quivered)
Armour
 h - the +1 ring mail of Resonance {rElec}
   (You took it off a gnoll on level 10 of the Dungeon)

   rElec:     It insulates you from electricity.
 j - a +0 kite shield (worn)
 k - a +2 hat (worn)
 p - a +0 plate armour (worn)
 r - the +3 pair of seven-league boots (worn) {Rampage+∞}
   (You found it in a Gauntlet)

   Its wearer moves as far as possible in that direction when moving towards
   enemies.
 I - a +1 ring mail of poison resistance
 J - a +1 pair of gloves (worn)
Jewellery
 d - a ring of positive energy (left hand)
 t - a +6 ring of dexterity
Wands
 i - a wand of acid (7)
 y - a wand of polymorph (1)
 H - a wand of iceblast (6)
Scrolls
 g - 3 scrolls of enchant armour
 m - a scroll of fog {unknown}
 n - 4 scrolls of fear
 q - a scroll of teleportation
 x - a scroll of summoning {unknown}
 B - a scroll of silence
 F - a scroll of vulnerability
Potions
 e - a potion of might
 f - 4 potions of curing
 u - a potion of haste
 v - 2 potions of mutation
 z - 2 potions of ambrosia
 C - 4 potions of flight
Miscellaneous
 w - a tin of tremorstones (inert)
 A - a phantom mirror (inert)


   Skills:
 - Level 5.7 Fighting
 + Level 7.2(8.6) Axes
 - Level 12.0(13.8) Polearms
 + Level 7.1 Armour
 - Level 2.6 Dodging
 - Level 2.1 Stealth
 * Level 12.0 Shields
 - Level 2.0 Spellcasting
 - Level 3.2 Necromancy


You had 14 spell levels left.
You knew the following spells:

 Your Spells              Type           Power      Damage    Failure   Level
a - Pain                  Necr           44%        1d6       100%        1

Your spell library contained the following spells:

 Spells                   Type           Power      Damage    Failure   Level
 Animate Skeleton         Necr           22%        N/A       100%        1
 Apportation              Tloc           2%         N/A       100%        1
 Beastly Appendage        Tmut           2%         N/A       100%        1
 Corona                   Hex            1%         N/A       100%        1
 Freeze                   Ice            4%         1d3       100%        1
 Shock                    Conj/Air       4%         1d3       100%        1
 Summon Small Mammal      Summ           4%         N/A       100%        1
 Ensorcelled Hibernation  Hex/Ice        2%         N/A       100%        2
 Wereblood                Tmut           1%         N/A       100%        2
 Frozen Ramparts          Ice            2%         1d2       100%        3
 Spider Form              Tmut/Pois      0%         N/A       100%        3
 Tukima's Dance           Hex            1%         N/A       100%        3
 Vampiric Draining        Necr           5%         2d6       100%        3
 Animate Dead             Necr           5%         N/A       100%        4
 Hailstorm                Conj/Ice       1%         3d3       100%        4
 Agony                    Necr           11%        N/A       100%        5
 Metabolic Englaciation   Hex/Ice        0%         N/A       100%        5
 Ozocubu's Refrigeration  Ice            0%         4d5       100%        7


Dungeon Overview and Level Annotations

Branches:
Dungeon (12/15)            Temple (1/1) D:4            Lair (1/6) D:10
    Orc (0/2) D:12        Gauntlet (1/1)

Altars:
Ashenzari
Cheibriados
Dithmenos
Elyvilon
Fedhas
Gozag
Hepliaklqana
Kikubaaqudgha
Makhleb
Nemelex Xobeh
Okawaru
Qazlal
Ru
Sif Muna
Trog
Uskayaw
Vehumet
Wu Jian
Xom
Yredelemnul
Zin
The Shining One

Shops:
D:7 (   D:10 :

Portals:
Trove: D:11 (give 4 potions of resistance)

Annotations:
Gauntlet 11 transporters, exclusion: ice statue


Innate Abilities, Weirdness & Mutations

((You are quick and stealthy near water. (Stealth+, EV+, Speed+++)))
Your lower body shifts to a powerful aquatic tail in water.


Message History

You hit the ice beast.
You melt the ice beast.
You hit the rime drake. You burn the rime drake.
You completely miss the ice beast.
The ice beast hits you but does no damage.
The rime drake breathes ice at you. The flash freeze hits you!!
You are encased in ice.
You block the ice beast's attack.
You take 21 damage, and have 43/87 hp.
MASSIVE DAMAGE!!
You hit the ice statue but do no damage.
The ice statue is severely damaged.
You slash the ice beast!
You melt the ice beast.
You slash the rime drake! You burn the rime drake.
You hit the ice beast but do no damage.
The rime drake bites you but does no damage.
The ice beast hits you but does no damage.
The ice statue gestures at you. The bolt of cold hits you!!!
* * * LOW HITPOINT WARNING * * *
You block the ice beast's attack.
You take 36 damage, and have 7/87 hp.
MASSIVE DAMAGE!!
You hit the ice statue but do no damage.
The ice statue is severely damaged.
You hit the ice beast.
You melt the ice beast.
You slash the rime drake! You burn the rime drake. You hit the ice beast.
You melt the ice beast.
The rime drake bites you but does no damage.
The ice beast barely misses you.
The ice statue gestures.
You hit the ice statue but do no damage.
The ice statue is severely damaged.
You hit the ice beast.
You melt the ice beast.
You barely miss the rime drake. You hit the ice beast but do no damage.
You block the ice beast's attack. You block the rime drake's attack.
You block the ice beast's attack.
The meliai buzzes angrily.
You hit the ice statue.
You melt the ice statue.
The ice statue is severely damaged.
You slash the ice beast!
You melt the ice beast.
You completely miss the rime drake. You hit the ice beast.
You melt the ice beast.
The ice statue gestures at you. The bolt of cold hits you!
You die...

§.#.#...###..#..##§##..#..#..####
..#..##...#..#.........#..#......
..#########..#.........#..#######
..........#..###########..#......
..#########..#....≈≈...#..#######
..#..^.^..#..#^≈≈≈..≈≈^#..###..##
8.#?#.#.⌠.#..#≈.≈..≈..≈#..#..##..
..#=......#..#?YY≈≈.≈.≈#..#h.#.##
∩.#©#.©.8x#©©#©8@†©.≈≈.#§©#D#.©#.
..#X.....x#..#.Y^k≈....#..#}#.#.#
8.#x#.#.8X#..#..≈.^≈≈..#..#!##..#
..#xxXX^..#..#≈≈.≈≈^≈≈≈#..##..##.
..#########..#=...≈^...#..#######
..........#..###########..#......
..#########..#.........#..#######
..#..8#8.y#..#.........#..#{..y..
..#(..8...#..#..##≈##..#..#....##


You could see an ice statue, a large abomination, a rime drake, 3 ice beasts, 2
small abominations and a meliai.

Vanquished Creatures
  9 two-headed ogres
  An ogre mage (D:9)
  Nergalle (D:9)
  An ugly thing (D:10)
  Joseph (D:10)
  A gargoyle (D:11)
  A cane toad (Lair:1)
  A smoke demon (Gauntlet)
  A rime drake (Gauntlet)
  A troll (D:10)
  A red devil (Gauntlet)
  2 hornets
  Prince Ribbit (D:7)
  A water elemental (D:11)
  2 vampires (D:12)
  A shadow (D:9)
  3 vampire mosquitoes
  A steam dragon (D:8)
  2 water moccasins
  6 orc warriors
  A wolf (D:10)
  18 ogres
  3 centaurs
  A kobold brigand (D:10)
  2 bullfrogs
  A wyvern zombie (D:6)
  4 gnoll sergeants (D:10)
  2 scorpions
  A wyvern skeleton (D:6)
  11 killer bees (D:9)
  A howler monkey (D:4)
  19 wights
  An electric eel (D:11)
  4 crimson imps (Gauntlet)
  A bullfrog zombie (D:6)
  9 hounds
  5 centaur zombies
  2 jellies
  3 orc priests
  3 gnoll shamans
  An iron imp (D:7)
  A centaur skeleton (D:7)
  Terence (D:2)
  2 iguanas
  10 orc wizards
  A killer bee zombie (D:7)
  4 ogre zombies (D:12)
  A hound skeleton (D:4)
  A howler monkey zombie (D:8)
  Robin (D:4)
  7 adders
  28 gnolls
  A howler monkey skeleton (D:6)
  2 shadow imps
  3 white imps
  4 ufetubi
  An adder skeleton (D:4)
  3 worms (D:7)
  A dart slug (D:3)
  33 orcs
  8 bats
  10 endoplasms
  4 giant cockroaches
  14 goblins
  10 hobgoblins
  16 jackals
  8 kobolds
  6 quokkas
  8 ball pythons
  3 frilled lizards
  A goblin skeleton (D:12)
  A goblin zombie (D:12)
  2 hobgoblin skeletons (D:12)
  2 hobgoblin zombies (D:12)
  2 orc skeletons (D:12)
  3 orc zombies (D:12)
  7 rats
341 creatures vanquished.

Vanquished Creatures (others)
  4 demonic plants (Gauntlet)
  24 plants (D:10)
28 creatures vanquished.

Grand Total: 369 creatures vanquished

Notes
Turn   | Place    | Note
-------+----------+-------------------------------------------
     0 | D:1      | gimp the Merfolk Necromancer began the quest for the Orb.
     0 | D:1      | Reached XP level 1. HP: 13/13 MP: 3/3
   201 | D:1      | Reached skill level 1 in Fighting
   329 | D:1      | Reached XP level 2. HP: 19/22 MP: 1/5
  1404 | D:2      | Reached XP level 3. HP: 26/28 MP: 2/6
  1405 | D:2      | Noticed a phantom
  2325 | D:2      | Noticed Terence
  2348 | D:2      | Killed Terence
  2349 | D:2      | Reached XP level 4. HP: 20/37 MP: 0/7
  3501 | D:3      | Found a faded altar of an unknown god.
  3640 | D:3      | Found a white marble altar of Elyvilon.
  3994 | D:3      | Reached XP level 5. HP: 40/43 MP: 8/8
  4009 | D:3      | Reached skill level 5 in Fighting
  4225 | D:3      | Found a blossoming altar of Fedhas.
  4384 | D:4      | Found a shadowy altar of Dithmenos.
  4384 | D:4      | Found a basalt altar of Yredelemnul.
  4400 | D:4      | Noticed an ogre
  5176 | D:4      | Found an opulent altar of Gozag.
  5188 | D:4      | Found a radiant altar of Vehumet.
  5280 | D:4      | Found a hide-covered altar of Uskayaw.
  5314 | D:4      | Reached skill level 1 in Polearms
  5545 | D:4      | Noticed Robin
  6043 | D:4      | Killed an ogre
  6044 | D:4      | Reached XP level 6. HP: 52/52 MP: 9/9
  6114 | D:4      | Found a staircase to the Ecumenical Temple.
  6132 | Temple   | Entered the Ecumenical Temple
  6402 | Temple   | Became a worshipper of the Shining One
  6514 | D:4      | Killed Robin
  6634 | D:5      | Entered Level 5 of the Dungeon
  6946 | D:4      | Reached skill level 5 in Polearms
  7542 | D:5      | Reached XP level 7. HP: 43/57 MP: 10/10
  9206 | D:6      | Reached XP level 8. HP: 40/64 MP: 11/11
  9327 | D:6      | Reached * piety under the Shining One
  9367 | D:6      | Reached skill level 10 in Polearms
 10487 | D:7      | Reached skill level 1 in Armour
 10502 | D:7      | Found a broken altar of Ashenzari.
 10520 | D:7      | Got the Incunabulum of the Glacier
 10545 | D:7      | Noticed a moth of wrath
 10548 | D:7      | Found a bloodstained altar of Trog.
 10792 | D:7      | Noticed a hornet
 11019 | D:7      | Reached ** piety under the Shining One
 11249 | D:7      | Reached skill level 1 in Shields
 11249 | D:7      | Reached XP level 9. HP: 46/69 MP: 12/12
 11293 | D:6      | Reached skill level 1 in Axes
 11636 | D:7      | Killed a hornet
 11887 | D:7      | Found Mituunupn's Antique Weapon Shoppe.
 11894 | D:7      | Noticed Prince Ribbit
 11934 | D:7      | Killed Prince Ribbit
 12102 | D:7      | Found a snail-covered altar of Cheibriados.
 13064 | D:8      | Reached skill level 5 in Shields
 13329 | D:8      | Found an ornate altar of the Wu Jian Council.
 13680 | D:8      | Reached XP level 10. HP: 25/76 MP: 13/13
 14238 | D:8      | Reached *** piety under the Shining One
 15090 | D:9      | Found a shimmering blue altar of Sif Muna.
 15116 | D:9      | Got Sif Muna's Papyrus of Flight
 15290 | D:9      | Noticed a two-headed ogre
 15303 | D:9      | Killed a two-headed ogre
 15743 | D:9      | Found a glowing silver altar of Zin.
 16341 | D:9      | Noticed a two-headed ogre
 16342 | D:9      | Noticed a two-headed ogre
 16360 | D:9      | Killed a two-headed ogre
 16361 | D:9      | Reached skill level 5 in Armour
 16507 | D:9      | Noticed a two-headed ogre
 16508 | D:9      | Noticed a two-headed ogre
 16536 | D:9      | Killed a two-headed ogre
 16537 | D:9      | Reached skill level 5 in Axes
 16537 | D:9      | Reached XP level 11. HP: 44/81 MP: 14/14
 16571 | D:9      | HP: 3/81 [two-headed ogre (25)]
 16960 | D:9      | Killed a two-headed ogre
 17207 | D:9      | Noticed an ogre mage
 17224 | D:9      | Killed an ogre mage
 17227 | D:9      | Noticed a two-headed ogre
 17376 | D:9      | Killed a two-headed ogre
 17947 | D:9      | Killed a two-headed ogre
 17948 | D:9      | Reached skill level 10 in Shields
 18232 | D:9      | Noticed a two-headed ogre
 18351 | D:9      | Killed a two-headed ogre
 18825 | D:10     | Entered Level 10 of the Dungeon
 18864 | D:10     | Noticed Joseph
 18866 | D:10     | Noticed Nergalle
 19569 | D:10     | Killed Joseph
 19769 | D:10     | Paralysed by a hornet for 1 turns
 19775 | D:10     | Paralysed by a hornet for 1 turns
 20162 | D:10     | Found a staircase to the Lair.
 20227 | D:10     | Reached **** piety under the Shining One
 20527 | D:9      | Killed Nergalle
 20624 | D:10     | Found Zofabexie's Book Shoppe.
 20743 | D:10     | Reached XP level 12. HP: 77/87 MP: 15/15
 20918 | D:10     | Identified the +1 ring mail of Resonance {rElec}
 21179 | D:11     | Noticed a two-headed ogre
 21676 | D:9      | Killed a two-headed ogre
 22113 | D:11     | Identified the ring of Pokheor {Wiz SInv}
 22304 | D:11     | Found an opulent altar of Gozag.
 22578 | D:11     | Found a portal to a secret trove of treasure.
 22686 | D:11     | Noticed a two-headed ogre
 22699 | D:11     | Killed a two-headed ogre
 23017 | D:12     | Found a staircase to the Orcish Mines.
 23059 | D:12     | Reached ***** piety under the Shining One
 23198 | D:12     | Noticed an ice dragon
 23702 | Lair:1   | Entered Level 1 of the Lair of Beasts
 23739 | Lair:1   | Found a gate leading to a gauntlet.
 23748 | Gauntlet | Entered a Gauntlet
 23748 | Gauntlet | Found a transporter.
 23748 | Gauntlet | Found a transporter.
 24020 | Gauntlet | Found a transporter.
 24035 | Gauntlet | Found a transporter.
 24038 | Gauntlet | Found the +3 pair of seven-league boots {Rampage+∞}
 24050 | Gauntlet | Found a transporter.
 24050 | Gauntlet | Found a transporter.
 24050 | Gauntlet | Found a transporter.
 24053 | Gauntlet | Found a transporter.
 24053 | Gauntlet | Found a transporter.
 24058 | Gauntlet | Noticed a great orb of eyes
 24067 | Gauntlet | Found a transporter.
 24083 | Gauntlet | Found a transporter.
 24093 | Gauntlet | Found a transporter.
 24107 | Gauntlet | Found a transporter.
 24127 | Gauntlet | Found a transporter.
 24504 | Gauntlet | Killed from afar by an ice statue

Illustrated notes

Levels and vault maps discovered:
D:1:      nicolae_arrival_somewhat_less_tricky_arrival, layout_loops_corners
D:2:      layout_basic, uniq_terence
D:3:      layout_basic, elyvilon_altar_1, fedhas_altar_2,
          hellmonk_ecumenical_altar_slurped_away, minmay_statues_item
D:4:      minmay_inner_zag, layout_rooms,
          chequers_temple_overflow_statue_of_worship,
          mainiacjoe_overflow_catwalk_spiral, eat_drink_and_be_merry_uskayaw,
          minmay_temple_entry_offerings, amcnicky_mini_corridor_feature,
          uniq_robin
D:5:      layout_gridville, hangedman_decor_opposing, minivault_5,
          palyth_stone_intersect, minmay_liquid_box
D:6:      layout_cave_pools
D:7:      layout_rooms, slow_altar_2, ashenzari_conservatory_becter, tgw_trog,
          serial_shops, shop_statue, minivault_19, uniq_prince_ribbit1
D:8:      minmay_weird_star, layout_basic, lemuel_tele_altar
D:9:      lemuel_ogre_cave, layout_cave_pods, marbit_many_paths, led_sif_book
D:10:     layout_big_octagon, david_lair_shrubbed, serial_gnoll_camp,
          gnoll_camp_mini_loothouse, gnoll_camp_medium_01,
          gnoll_camp_mini_basic, gnoll_camp_mini_shop, gnoll_camp_medium_02,
          uniq_nergalle, uniq_joseph
D:11:     layout_cave_pools, nicolae_trove_entry_columns, fountainhead,
          grunt_gozag_breadcrumbs
D:12:     layout_basic, zombieorc2_lemuel, minmay_checkered_concentric_circles
Temple:   jpeg_temple_island
Lair:1:   gammafunk_boulding_lane, layout_hall_layers, gauntlet_entry_generic,
          chequers_serial_rivers_small_b, serial_bayou_lagoon_a,
          chequers_serial_rivers_micro_a, grunt_megastairs_4
Gauntlet: gammafunk_gauntlet_mixed_choke_point
          [minmay_gauntlet_arena_77_block_sizes, minmay_gauntlet_arena_77_mess,
          minmay_gauntlet_arena_77_box, nicolae_gauntlet_arena_flowing_pool,
          minmay_gauntlet_arena_77_terracotta_army,
          minmay_gauntlet_arena_77_museum, minmay_gauntlet_arena_77_squiggly,
          gauntlet_exit_green]

Skill      XL: |  1  2  3  4  5  6  7  8  9 10 11 12 |
---------------+-------------------------------------+-----
Fighting       | 1 2 4 5 |  5.7
Polearms       | 4 6 9 12 | 12.0
Armour         | 2 3 5 6 7 |  7.1
Shields        | 1 5 9 10 12 | 12.0
Axes           | 3 5 6 7 |  7.2
Dodging        | |  2.6
Stealth        | |  2.1
Spellcasting   | |  2.0
Necromancy     | |  3.2

Action                   |  1- 3 |  4- 6 |  7- 9 | 10-12 || total
-------------------------+-------+-------+-------+-------++-------
Melee: Unarmed           |    25 |       |       |       ||    25
       Broad axe         |       |     8 |       |    35 ||    43
       Spear             |       |   189 |   634 |   426 ||  1249
       Hand axe          |       |    17 |       |       ||    17
       Trident           |       |       |       |   421 ||   421
       Tailslap          |       |       |       |     3 ||     3
Throw: Dart              |       |     7 |     7 |     8 ||    22
 Cast: Pain              |    76 |   109 |       |       ||   185
Evoke: Wand              |       |     3 |    15 |    30 ||    48
       Tin of tremorston |       |       |       |     3 ||     3
       Phantom mirror    |       |       |       |     1 ||     1
  Use: Potion            |       |     1 |       |     6 ||     7
       Scroll            |       |       |     9 |    15 ||    24
 Stab: Paralysed         |       |     2 |       |       ||     2
       Sleeping          |       |     1 |       |       ||     1
Armor: Robe              |    10 |    62 |       |       ||    72
       Ring mail         |       |       |    77 |       ||    77
       Chain mail        |       |       |   108 |    58 ||   166
       Skin              |       |       |       |    19 ||    19
       Plate armour      |       |       |       |   255 ||   255
Dodge: Dodged            |    50 |   165 |   155 |    89 ||   459
Block: Kite shield       |       |       |       |   246 ||   246
